 Dungeon Crawl Stone Soup version 0.31-a0-408-gb642c7f9a3 (webtiles) character file.

Game seed: 10477044759693332724

5849 floatRand the Grappler (level 10, -4/71 HPs)
             Began as a Red Draconian Shapeshifter on July 29, 2023.
             Was an Initiate of Ru.
             Slain by a +3 spectral quarterstaff (10 damage)
             ... created by Joseph
             ... on level 9 of the Dungeon.
             The game lasted 00:10:05 (7358 turns).

floatRand the Grappler (Red Draconian Shapeshifter) Turns: 7358, Time: 00:10:06

Health: -4/71      AC:  7    Str: 17    XL:     10   Next: 51%
Magic:  0/10       EV: 22    Int:  9    God:    Ru [......]
Gold:   71         SH:  0    Dex: 16    Spells: 9/9 levels left

rFire   + .          .
                       - Unarmed
rCold   . . .        (no shield)
rNeg    . . .        (body armour unavailable)
rPois   .            (helmet currently unavailable)
rElec   .            (cloak currently unavailable)
rCorr   .            (gloves currently unavailable)
SInv    .            (boots currently unavailable)
Will    .....        u - amulet of guardian spirit Stlth
                     n - +5 ring of evasion
HPRegen 0.31/turn    z - +5 ring of evasion
MPRegen 0.12/turn

%: guardian spirit
@: beast-form
A: beast (slay +5), breathe fire, AC +7, unfitting armour, fire resistance 1,
cold-blooded, no stealth
a: Breathe Fire, Begin Untransformation, Renounce Religion


You were on level 9 of the Dungeon.
You worshipped Ru.
Ru was noncommittal.
You were a hulking beast.
You visited 2 branches of the dungeon, and saw 10 of its levels.

You collected 539 gold pieces.
You spent 468 gold pieces at shops.

Inventory:

Missiles
 p - a throwing net
Armour
 i - a +2 cloak of preservation
 A - a +2 pair of boots
Jewellery
 n - a +5 ring of evasion (left hand)
 u - an amulet of guardian spirit (around neck)
 x - an amulet of magic regeneration
 z - a +5 ring of evasion (right hand)
 D - a ring of ice
Talismans
 b - a beast talisman
 f - a maw talisman
 v - a serpent talisman
Wands
 k - a wand of iceblast (7)
 w - a wand of mindburst (29)
 y - a wand of paralysis (12)
Scrolls
 e - a scroll of enchant armour
 g - a scroll of identify
 h - a scroll of enchant weapon {unknown}
 j - 3 scrolls of teleportation
 m - 2 scrolls of immolation
Potions
 a - 7 potions of lignification
 c - a potion of cancellation
 d - 2 potions of mutation {unknown}
 l - 2 potions of enlightenment
 o - 11 potions of curing
 q - a potion of berserk rage
 r - a potion of might
 s - a potion of magic
 t - a potion of heal wounds
 B - a potion of degeneration {unknown}
 E - a potion of brilliance {unknown}


   Skills:
 - Level 1.1 Fighting
 - Level 1.7 Dodging
 * Level 13.2 Unarmed Combat
 + Level 8.4 Shapeshifting


You had 9 spell levels left.
You didn't know any spells.
Your spell library contained the following spells:

 Spells                   Type           Power      Damage    Failure   Level
 Apportation              Tloc           0%         N/A       38%         1
 Necrotise                Necr           0%         1d4       38%         1
 Summon Small Mammal      Summ           0%         N/A       38%         1
 Blink                    Tloc           0%         N/A       52%         2
 Ensorcelled Hibernation  Hex/Ice        0%         N/A       52%         2
 Lesser Beckoning         Tloc           0%         N/A       52%         2
 Momentum Strike          Conj/Tloc      0%         3d8       52%         2
 Call Canine Familiar     Summ           0%         N/A       77%         3
 Summon Guardian Golem    Hex/Summ       0%         N/A       77%         3
 Anguish                  Hex/Necr       0%         N/A       99%         4
 Olgreb's Toxic Radiance  Pois           0%         N/A       99%         4
 Discord                  Hex            0%         N/A       100%        8
 Ignition                 Fire           0%         3d3       100%        8


Dungeon Overview and Level Annotations

Branches:
Dungeon (9/15)             Temple (1/1) D:6
   Lair: D:8-11         Orc: D:9-12

Altars:
Ashenzari
Cheibriados
Dithmenos
Elyvilon
Fedhas
Gozag
Hepliaklqana
Kikubaaqudgha
Makhleb
Nemelex Xobeh
Okawaru
Ru
Sif Muna
Trog
Uskayaw
Vehumet
Wu Jian
Yredelemnul
Zin
The Shining One

Shops:
D:1 :   D:8 =

Annotations:
D:9 Joseph


Innate Abilities, Weirdness & Mutations

You are a hulking beast.
Your limbs bulge with bestial killing power. (Slay +5)
You can breathe blasts of fire.
Your fiery red scales are hard. (AC +7)
You cannot fit into any form of body armour.
Your flesh is heat resistant. (rF+)
You are cold-blooded and may be slowed by cold attacks.
You cannot be stealthy.


Message History

The troll shouts!
You pummel the troll!! You punch the troll, but do no damage.
The troll is heavily wounded.
Joseph shoots a sling bullet.
The sling bullet barely misses you.
Unknown command.
You pummel the troll!!
You kill the troll!
Joseph tries to grin evilly.
Joseph shoots a sling bullet.
The sling bullet hits you.
Unknown command.
Joseph unwields a +0 sling.
Joseph wields a +3 spectral quarterstaff.
Joseph closely misses you. The +3 spectral quarterstaff hits you.
A +3 spectral quarterstaff comes into view.
You punch Joseph!
Joseph is moderately wounded.
The +3 spectral quarterstaff completely misses you. x2
You pummel Joseph!!
Joseph is heavily wounded.
The +3 spectral quarterstaff hits you!
Joseph hits you with a +3 spectral quarterstaff!
The +3 spectral quarterstaff hits you!
You are too injured to fight recklessly!
You are too injured to fight recklessly!
You hit Joseph.
Joseph is severely wounded.
Joseph closely misses you. The +3 spectral quarterstaff hits you!
* * * LOW HITPOINT WARNING * * *
You hit Joseph but do no damage. You tail-slap Joseph.
Joseph is severely wounded.
Joseph hits you with a +3 spectral quarterstaff.
* * * LOW HITPOINT WARNING * * *
The +3 spectral quarterstaff misses you.
Unknown command.
You hit Joseph.
Joseph is severely wounded.
Joseph hits you with a +3 spectral quarterstaff!
* * * LOW HITPOINT WARNING * * *
The +3 spectral quarterstaff hits you!
You die...

..............#
..............# .##
..............####+...
###.................#
#.................#
#.................#
#.................#
#............(....#.##
#..####.......h@......
#..# #######.....####
#.## #......... ..
#......... ...
.......... ...
...........
....##+#+## .....#


You could see Joseph and a +3 spectral quarterstaff.

Vanquished Creatures
  Erica (D:8)
  Pikel (D:7)
  Maurice (D:8)
  A troll (D:9)
  4 yaks (D:8)
  A steam dragon (D:7)
  Grum (D:7)
  Duvessa (D:7)
  6 water moccasins
  3 black bears
  2 ice beasts
  2 ogres
  A sky beast (D:8)
  3 wolves
  A centaur (D:8)
  2 phantoms
  4 bullfrogs
  A gnoll sergeant (D:6)
  3 scorpions
  3 wights
  Dowan (D:7)
  3 howler monkeys
  A hound (D:5)
  3 orc priests
  A gnoll bouda (D:6)
  4 jellies
  Terence (D:3)
  4 iguanas
  4 orc wizards
  10 gnolls
  2 adders
  A shadow imp (D:6)
  2 white imps
  2 ufetubi
  4 dart slugs
  27 orcs
  11 ball pythons
  7 bats
  9 endoplasms
  4 giant cockroaches
  7 goblins
  4 hobgoblins
  5 kobolds
  5 quokkas
  3 frilled lizards
  7 rats
174 creatures vanquished.

Notes
Turn   | Place    | Note
-------+----------+-------------------------------------------
     0 | D:1      | floatRand the Draconian Shapeshifter began the quest for
                  | the Orb.
     0 | D:1      | Reached XP level 1. HP: 16/16 MP: 1/1
    76 | D:1      | Reached XP level 2. HP: 13/23 MP: 2/2
   148 | D:1      | Found Boeneare's Vocational Training.
   200 | D:1      | Reached XP level 3. HP: 19/28 MP: 3/3
   245 | D:1      | Reached skill level 4 in Unarmed Combat
   614 | D:1      | Found a faded altar of an unknown god.
  1061 | D:2      | Reached XP level 4. HP: 35/35 MP: 4/4
  1690 | D:3      | Noticed Terence
  1798 | D:3      | Killed Terence
  1799 | D:3      | Reached skill level 5 in Unarmed Combat
  1799 | D:3      | Reached XP level 5. HP: 40/40 MP: 5/5
  2527 | D:4      | Reached XP level 6. HP: 44/47 MP: 6/6
  2533 | D:4      | Reached skill level 6 in Unarmed Combat
  2699 | D:4      | Found a blossoming altar of Fedhas.
  3134 | D:5      | Entered Level 5 of the Dungeon
  3478 | D:5      | Noticed a water moccasin
  3483 | D:5      | Killed a water moccasin
  3490 | D:5      | Your scales start taking on a fiery red colour.
  3490 | D:5      | Reached XP level 7. HP: 50/52 MP: 7/7
  3490 | D:5      | Gained mutation: Your flesh is heat resistant. (rF+) [Red
                  | Draconian growth]
  3517 | D:5      | Reached skill level 7 in Unarmed Combat
  3822 | D:5      | Reached skill level 5 in Shapeshifting
  4073 | D:6      | Reached skill level 8 in Unarmed Combat
  4191 | D:6      | Reached XP level 8. HP: 59/59 MP: 8/8
  4327 | D:6      | Found a staircase to the Ecumenical Temple.
  4402 | Temple   | Entered the Ecumenical Temple
  4435 | Temple   | Became a worshipper of Ru the Awakened
  4602 | D:6      | Reached skill level 9 in Unarmed Combat
  5230 | D:6      | Reached skill level 10 in Unarmed Combat
  5230 | D:6      | Reached XP level 9. HP: 63/64 MP: 9/9
  5585 | D:7      | Noticed Dowan
  5760 | D:7      | Noticed Pikel
  5768 | D:7      | Killed Pikel
  5769 | D:7      | Reached skill level 11 in Unarmed Combat
  6100 | D:7      | Noticed Duvessa
  6110 | D:7      | Killed Duvessa
  6116 | D:7      | Killed Dowan
  6218 | D:7      | Gained mutation: You cannot be stealthy. [Ru sacrifice]
  6499 | D:8      | Noticed Erica
  6567 | D:8      | Noticed Grum
  6598 | D:7      | Killed Grum
  6599 | D:7      | Reached skill level 12 in Unarmed Combat
  6713 | D:8      | Reached XP level 10. HP: 65/71 MP: 8/10
  6760 | D:8      | Identified the +0 flail "Testudineslayer" {heavy, Int+2
                  | Dex+3 SInv}
  6820 | D:8      | Noticed Maurice
  6829 | D:8      | Killed Maurice
  7066 | D:8      | Found a shadowy altar of Dithmenos.
  7203 | D:8      | Killed Erica
  7204 | D:8      | Reached skill level 13 in Unarmed Combat
  7259 | D:8      | Found Egab's Jewellery Shop.
  7272 | D:8      | Bought a +5 ring of evasion for 468 gold pieces
  7347 | D:9      | Noticed Joseph
  7358 | D:9      | Slain by a +3 spectral quarterstaff

Illustrated notes

Levels and vault maps discovered:
D:1:      eino_arrival_water_star, layout_basic, ebering_ecumenical_altar_webs,
          chequers_decorated_corner, nicolae_shop_vocational
D:2:      layout_basic, minmay_tetromino_o4, uniq_sigmund
D:3:      layout_loops_ring, uniq_terence
D:4:      layout_gridville, mainiacjoe_overflow_boulevard, nrook_loot_triangle
D:5:      layout_basic
D:6:      layout_basic, minmay_temple_entry_statues, hangedman_minor_gate_pass
D:7:      layout_rooms, uniq_duvessa, uniq_pikel
D:8:      layout_rooms, lemuel_tele_altar, serial_shops, shop_statue,
          uniq_maurice, uniq_grum, uniq_erica
D:9:      layout_irregular_city, mainiacjoe_overflow_cross_hatched, uniq_joseph
Temple:   hc_temple_tempest_star

Skill      XL: |  1  2  3  4  5  6  7  8  9 10 |
---------------+-------------------------------+-----
Unarmed Combat | 4 5 6 8 10 12 13 | 13.2
Shapeshifting  | 4 5 6 7 8 |  8.4
Fighting       | |  1.1
Dodging        | |  1.7

Action                     |  1- 3 |  4- 6 |  7- 9 | 10-12 || total
---------------------------+-------+-------+-------+-------++-------
  Melee: Unarmed           |    71 |   145 |   225 |    49 ||   490
         Tailslap          |     7 |    18 |    26 |     9 ||    60
         Punch             |     1 |     2 |    14 |     5 ||    22
 Invoke: Sacrifice Stealth |       |       |     1 |       ||     1
Ability: Breathe Fire      |       |       |     7 |       ||     7
    Use: Scroll            |       |       |    18 |       ||    18
         Potion            |       |       |       |     1 ||     1
   Stab: Sleeping          |     1 |     2 |       |       ||     3
 Armour: Skin              |    24 |    21 |    41 |     7 ||    93
  Dodge: Dodged            |    41 |   106 |   161 |    38 ||   346

Table legend: (Time is in decaauts)
 A = Elapsed time spent in this place.
 B = Non-inter-level travel time spent in this place.
 C = Inter-level travel time spent in this place.
 D = Time resting spent in this place.
 E = Time spent auto-exploring this place.
 F = Levels seen in this place.
 G = Mean time per level.
                   A        B        C        D        E       F      G
               +--------+--------+--------+--------+--------+-----+--------+
         Total |   7318 |   7072 |    246 |    840 |   4434 |  10 |  731.8 |
       Dungeon |   7257 |   7064 |    193 |    840 |   4434 |   9 |  806.3 |
        Temple |     60 |      7 |     53 |      0 |      0 |   1 |   60.0 |
               +--------+--------+--------+--------+--------+-----+--------+

Top non-repeatable levels by time:
     D:6: 1770 daAuts
     D:5: 922 daAuts
     D:1: 844 daAuts
     D:4: 829 daAuts
     D:3: 748 daAuts
     D:7: 732 daAuts
     D:2: 699 daAuts
     D:8: 683 daAuts
  Temple: 60 daAuts
     D:9: 28 daAuts
